 Dungeon Crawl Stone Soup version 0.31-a0-986-g5e6e4ef867 (webtiles) character file.

Game seed: 6631415074791372467

3 Forgeling the Trooper (level 1, -2/18 HPs)
             Began as a Formicid Cinder Acolyte on Nov 18, 2023.
             Was a High Priest of Ignis.
             Slain by a gnoll
             ... wielding a +0 flail
              (10 damage)
             ... on level 1 of the Dungeon.
             The game lasted 00:00:25 (145 turns).

Forgeling the Trooper (Formicid Cinder Acolyte)      Turns: 145, Time: 00:00:25

Health: -2/18      AC:  6    Str: 18    XL:     1   Next: 55%
Magic:  2/2        EV:  9    Int: 13    God:    Ignis [*****.]
Gold:   0          SH:  0    Dex:  9    Spells: 2/2 levels left

rFire   + . .        a - -1 hand axe (flame)
rCold   . . .        (no shield)
rNeg    . . .        f - +0 scale mail
rPois   .            (helmet unavailable)
rElec   .            (no cloak)
rCorr   .            (no gloves)
SInv    +            (no boots)
Will    .....        (no amulet) Stlth
                     (no ring)
HPRegen 0.23/turn    (no ring)
MPRegen 0.08/turn

%: no passive effects
@: no status effects
A: permanent stasis, dig shafts and tunnels, antennae 3, four strong arms
a: Dig, Shaft Self, Renounce Religion, Fiery Armour, Foxfire Swarm, Rising Flame


You were on level 1 of the Dungeon.
You worshipped Ignis.
Ignis was extremely pleased with you.
You visited 1 branch of the dungeon, and saw 1 of its levels.

Inventory:

Hand Weapons
 a - a -1 hand axe of flaming (weapon)
Armour
 b - a +0 robe
 f - a +0 scale mail (worn)
Scrolls
 d - a scroll of fear {unknown}
 e - a scroll of fog {unknown}
Potions
 c - a potion of mutation {unknown}


   Skills:
 - Level 3.2 Fighting
 + Level 3.2 Axes
 - Level 1.1 Spellcasting
 - Level 3.0 Fire Magic


You had 2 spell levels left.
You didn't know any spells.
Your spell library contained the following spells:

 Spells                   Type           Power      Damage    Failure   Level
 Scorch                   Fire           16%        2d5       38%         2


Dungeon Overview and Level Annotations

Branches:
Dungeon (1/15)

Altars:


Innate Abilities, Weirdness & Mutations

You cannot be hasted, slowed, berserked, paralysed or teleported.
You can dig through walls and to a lower floor.
You have a pair of large antennae on your head. (SInv)
Your four strong arms can wield two-handed weapons with a shield.


Message History

A dart slug is nearby!
A dart slug is nearby!
You see here a scroll labelled FEDEREH UNEZXUXI.
You hit the dart slug. You burn the dart slug.
The dart slug is moderately wounded.
You hit the dart slug. You burn the dart slug.
You kill the dart slug!
No target in view!
No target in view!
No target in view!
No target in view!
No target in view!
e - a scroll labelled FEDEREH UNEZXUXI a +0 whip; a kobold corpse You see here a +0 scale mail.
f - a +0 scale mail You start removing your armour.
You continue taking off your +0 robe. x4
You finish taking off your +0 robe.
You start putting on your armour.
You continue putting on your +0 scale mail. x5
You finish putting on your +0 scale mail.
You sense a monster nearby.
A gnoll comes into view. It is wielding a +0 flail.
The gnoll shouts!
Unknown command.
Unknown command.
You completely miss the gnoll. The gnoll hits you with a +0 flail.
You hit the gnoll. You burn the gnoll.
The gnoll is moderately wounded.
The gnoll hits you with a +0 flail.
You closely miss the gnoll.
The gnoll is moderately wounded.
The gnoll hits you with a +0 flail.
You closely miss the gnoll.
The gnoll is moderately wounded.
The gnoll hits you with a +0 flail.
* * * LOW HITPOINT WARNING * * *
The gnoll hits you with a +0 flail!
Ouch! That really hurt!
You die...

# #.##.
#.#.##. ###
##
...##.#.##.
# .. .#
#........##
#.##.##.#
#.###.#..##
#.#...#.###
#.#....
#.........
. ##.##
#.#...#.#
## #.#
#....g@.#
#.#
####....#
#[## ##...#
#... ##.##
.... ###.##
###.###....
#...#
#..........
#.#.##
#.#.##.....
#.#...
#.#.##.....
#.####
#...##.####
#.#


You could see a gnoll.

Vanquished Creatures
  A dart slug (D:1)
  A kobold (D:1)
2 creatures vanquished.

Notes
Turn   | Place    | Note
-------+----------+-------------------------------------------
     0 | D:1      | Forgeling the Formicid Cinder Acolyte began the quest for
                  | the Orb.
     0 | D:1      | Reached XP level 1. HP: 18/18 MP: 2/2
   145 | D:1      | Slain by a gnoll

Illustrated notes

Levels and vault maps discovered:
D:1:      lightli_arrival_boilingwater, layout_loops_cross

Action                     || total
---------------------------++-------
  Melee: Hand axe          ||    10
 Armour: Scale mail        ||     5
         Robe              ||     2
  Dodge: Dodged            ||     5

Table legend: (Time is in decaauts)
 A = Elapsed time spent in this place.
 B = Non-inter-level travel time spent in this place.
 C = Inter-level travel time spent in this place.
 D = Time resting spent in this place.
 E = Time spent auto-exploring this place.
 F = Levels seen in this place.
 G = Mean time per level.
                   A        B        C        D        E       F      G
               +--------+--------+--------+--------+--------+-----+--------+
         Total |    148 |    132 |     16 |      0 |     93 |   1 |  148.0 |
       Dungeon |    148 |    132 |     16 |      0 |     93 |   1 |  148.0 |
               +--------+--------+--------+--------+--------+-----+--------+

Top non-repeatable levels by time:
     D:1: 148 daAuts
